AoeStats
← OneBodyProblem

African Clearing

503876301Analyzed
2v2 RM · 29d ago on Sep 2, 2026· 44m 57s· 4 players
Game mode
Random Map
Map size
Medium (4 player)
Population
200
Speed
Normal
Resources
Standard
Victory
Conquest
Starting age
Dark Age
Ending age
Imperial Age
RankedLock teamsTeams togetherTeam positionsShared explorationLock speedFull tech treeHidden civsTurbo modeCheats
Victory
Defeat
🇺🇦 Lithuanians · Ukraine
923
+15
🇺🇸 Ethiopians · United States
921
+15
🇩🇪 Vietnamese · Germany
907
-15
🇩🇪 Mongols · Germany
886
-14
honigtopf6
10:51 Loom
10:57 Loom
14:35 Feudal Age
29:44 Castle Age
29:28 Double-Bit Axe
33:23 Castle Age
34:11 Scale Mail Armor
40:29 Fletching
43:52 Bodkin Arrow
Psammodromus
10:53 Loom
13:18 Feudal Age
13:49 Double-Bit Axe
13:57 Man-at-Arms
15:45 Scale Mail Armor
21:34 Castle Age
21:48 Forging
21:52 Fletching
22:13 Padded Archer Armor
24:32 Stone Mining
24:33 Gold Mining
26:46 Elite Skirmisher
31:44 Wheelbarrow
32:57 Bow Saw
33:08 Hand Cart
39:43 Imperial Age
38:34 Bodkin Arrow
39:55 Imperial Skirmisher
43:20 Leather Archer Armor
Alogib
8:29 Loom
15:32 Feudal Age
16:03 Double-Bit Axe
17:50 Bloodlines
18:23 Forging
23:18 Castle Age
22:30 Stone Mining
24:24 Gold Mining
24:53 Husbandry
25:01 Scale Barding Armor
28:15 Fletching
31:08 Chain Barding Armor
31:35 Horse Collar
33:16 Heavy Plow
38:52 Imperial Age
37:38 Bow Saw
39:22 Wheelbarrow
39:01 Cavalier
40:47 Plate Barding Armor
42:02 Iron Casting
43:02 Conscription
OneBodyProblem
10:30 Loom
13:02 Feudal Age
13:45 Man-at-Arms
16:12 Arson
18:55 Fletching
19:06 Scale Mail Armor
29:07 Castle Age
28:15 Double-Bit Axe
29:36 Padded Archer Armor
29:46 Crossbowman
31:48 Town Watch
36:18 Ballistics
37:31 Bodkin Arrow
39:59 Wheelbarrow
44:21 Imperial Age
44:29 Bow Saw
44:00 Horse Collar
45:11 Hand Cart
44:56 Town Patrol
Connection lost

Rejoining the realm…

Still unreachable

The connection could not be restored.

Session expired

The server has moved on; the page needs a fresh start.